 Dungeon Crawl Stone Soup version 0.31-a0-229-g1fc7ce93e2 (webtiles) character file.

Game seed: 14399580491283205052

498 qw the Shooter (level 6, -3/52 HPs)
             Began as a Minotaur Hexslinger on July 6, 2023.
             Slain by a gnoll
             ... wielding a +0 whip
             ... led by a gnoll bouda
              (6 damage)
             ... on level 4 of the Dungeon.
             The game lasted 00:01:11 (2726 turns).

qw the Shooter (Minotaur Hexslinger)                Turns: 2726, Time: 00:01:11

Health: -3/52      AC:  6    Str: 12    XL:     6   Next: 94%
Magic:  6/6        EV: 11    Int: 10    God:
Gold:   150        SH:  0    Dex: 15    Spells: 6/7 levels left

rFire   . . .        Y - +1 sling
rCold   . . .        (no shield)
rNeg    . . .        i - +0 ring mail
rPois   .            (helmet restricted)
rElec   .            g - +0 cloak
rCorr   .            (no gloves)
SInv    .            (no boots)
Will    .....        e - amulet of the acrobat
Stlth   +            (no ring)
HPRegen 0.28/turn    (no ring)
MPRegen 0.10/turn

%: acrobat
@: no status effects
A: horns 2, retaliatory headbutt
a: no special abilities


You were on level 4 of the Dungeon.
You visited 1 branch of the dungeon, and saw 4 of its levels.

You collected 150 gold pieces.


Innate Abilities, Weirdness & Mutations

You have a pair of horns on your head.
You reflexively headbutt those who attack you in melee.


   Skills:
 - Level 4.2 Fighting
 + Level 7.2 Ranged Weapons
 - Level 1.0 Armour
 - Level 2.1 Dodging
 - Level 1.0 Spellcasting
 - Level 2.0 Hexes


You had 6 spell levels left.
You knew the following spells:

 Your Spells              Type           Power      Damage    Failure   Level
a - Slow                  Hex            16%        N/A       34%         1

Your spell library contained the following spells:

 Spells                   Type           Power      Damage    Failure   Level
 Inner Flame              Hex/Fire       2%         N/A       83%         3
 Portal Projectile        Hex/Tloc       4%         N/A       83%         3
 Cause Fear               Hex            2%         N/A       98%         4

Inventory:

Hand Weapons
 Y - a +1 sling (weapon)
Armour
 g - a +0 cloak (worn)
 i - a +0 ring mail (worn)
Jewellery
 e - an amulet of the acrobat (around neck)
Scrolls
 b - 4 scrolls of identify
 c - a scroll of enchant weapon {unknown}
Potions
 a - a potion of enlightenment
 d - a potion of curing
 f - a potion of invisibility {unknown}
 h - a potion of resistance
 j - a potion of berserk rage {unknown}
 k - a potion of degeneration {unknown}
 l - a potion of magic {unknown}
 m - a potion of haste {unknown}
 n - a potion of heal wounds {unknown}

Dungeon Overview and Level Annotations

Branches:
Dungeon (4/15)
 Temple: D:4-7

Altars:
Hepliaklqana


Message History

The gnoll hits you but does no damage. The gnoll barely misses you.
You shoot a sling bullet. The sling bullet hits the gnoll.
The gnoll is almost dead.
The gnoll barely misses you. The gnoll hits you but does no damage.
The gnoll misses you.
You shoot a sling bullet.
The sling bullet barely misses the gnoll.
The gnoll is no longer moving quickly. x2; The gnoll completely misses you.
The gnoll barely misses you.
You shoot a sling bullet. The sling bullet hits the gnoll.
You kill the gnoll!
The gnoll hits you with a +0 club.
You shoot a sling bullet. The sling bullet hits the gnoll.
The gnoll is moderately wounded.
The gnoll is no longer moving quickly.
The gnoll barely misses you.
You shoot a sling bullet.
The sling bullet barely misses the gnoll.
You shoot a sling bullet. The sling bullet hits the gnoll!
The gnoll is severely wounded.
The gnoll hits you but does no damage. x2
You shoot a sling bullet.
The sling bullet closely misses the gnoll.
The gnoll misses you. The gnoll closely misses you.
The gnoll hits you but does no damage.
You shoot a sling bullet.
The sling bullet hits the gnoll but does no damage.
The gnoll is severely wounded.
The gnoll hits you with a +0 whip! The gnoll barely misses you.
You furiously retaliate!
You headbutt the gnoll.
You kill the gnoll!
You shoot a sling bullet.
The sling bullet hits the gnoll but does no damage.
The gnoll hits you with a +0 whip. x2
You shoot a sling bullet. The sling bullet hits the gnoll!
The gnoll is heavily wounded.
The gnoll hits you with a +0 whip.
You shoot a sling bullet.
The sling bullet closely misses the gnoll.
The gnoll hits you with a +0 whip.
You die...

### ..# #.#
#.###########
#.#)g.)).....
#######.#@####.....
#.........# ##.
#.#####.### #.# #.#
#.# #.# #.# #)# #.#
#.# #.# #.#
#.#####.###


You could see a gnoll.

Vanquished Creatures
  2 black bears (D:4)
  A gnoll bouda (D:4)
  A jelly (D:4)
  An orc priest (D:3)
  3 orc wizards (D:3)
  4 gnolls (D:4)
  3 adders
  2 dart slugs (D:2)
  9 orcs (D:3)
  8 ball pythons
  6 bats
  3 endoplasms
  2 giant cockroaches
  9 hobgoblins
  2 jackals (D:3)
  6 quokkas
  3 frilled lizards
  6 goblins
  7 kobolds
  3 rats
81 creatures vanquished.

Notes
Turn   | Place    | Note
-------+----------+-------------------------------------------
     0 | D:1      | qw the Minotaur Hexslinger began the quest for the Orb.
     0 | D:1      | Reached XP level 1. HP: 16/16 MP: 1/1
     0 | D:1      | 0 ||| qw: Version: 0.3-a-46-gb1f654a
     0 | D:1      | 0 ||| qw: Game counter: 1177
     0 | D:1      | 0 ||| qw: Melee chars always use a shield: true
     0 | D:1      | 0 ||| qw: God list: Okawaru
     0 | D:1      | 0 ||| qw: Allow faded altars: false
     0 | D:1      | 0 ||| qw: Do Orc after clearing Dungeon:15 true
     0 | D:1      | 0 ||| qw: Do second Lair branch before Depths: true
     0 | D:1      | 0 ||| qw: Lair rune preference: random
     0 | D:1      | 0 ||| qw: Goals: Normal
     0 | D:1      | 0 ||| PLANNING D:1-11
   281 | D:1      | Reached skill level 3 in Ranged Weapons
   281 | D:1      | Reached XP level 2. HP: 23/23 MP: 2/2
   544 | D:1      | 544 ||| UPGRADING to +0 cloak.
   549 | D:1      | 549 ||| UPGRADING to +0 ring mail.
   559 | D:1      | 559 ||| DROPPING +0 robe.
   560 | D:1      | 560 ||| READING scroll labelled QODAEREOM.
   561 | D:1      | 561 ||| DRINKING 2 fizzy clear potions.
   562 | D:1      | 562 ||| DROPPING scroll of poison.
   689 | D:2      | Reached XP level 3. HP: 29/29 MP: 3/3
  1079 | D:2      | 1079 ||| FLEEEEING.
  1080 | D:2      | 1080 ||| FLEEEEING.
  1081 | D:2      | 1081 ||| FLEEEEING.
  1088 | D:2      | Reached skill level 4 in Ranged Weapons
  1205 | D:2      | Found a faded altar of an unknown god.
  1207 | D:2      | 1207 ||| READING scroll labelled DUOQIJATIN.
  1208 | D:2      | 1208 ||| READING scroll labelled GASUCU VIDAETE.
  1209 | D:2      | 1209 ||| READING 3 scrolls labelled QAWNIGG NINNAY.
  1210 | D:2      | 1210 ||| DRINKING 2 metallic dark potions.
  1211 | D:2      | 1211 ||| DROPPING 2 scrolls of fear.
  1275 | D:3      | Reached skill level 1 in Armour
  1332 | D:3      | Found a hazy altar of Hepliaklqana.
  1491 | D:3      | Reached XP level 4. HP: 30/36 MP: 4/4
  1491 | D:3      | 1491 ||| FLEEEEING.
  1504 | D:3      | HP: 9/36 [something/puff of flame (5)]
  1509 | D:3      | HP: 2/36 [orc wizard/magic dart (6)]
  1512 | D:3      | Reached skill level 5 in Ranged Weapons
  1687 | D:3      | Reached XP level 5. HP: 17/44 MP: 5/5
  1848 | D:3      | Reached skill level 3 in Fighting
  2233 | D:3      | 2233 ||| UPGRADING to amulet of the acrobat.
  2238 | D:3      | 2238 ||| READING scroll labelled SAWIOC NIURIA.
  2239 | D:3      | 2239 ||| READING 2 scrolls of identify.
  2239 | D:3      | 2239 ||| IDENTIFYING sedimented white potion
  2381 | D:4      | Noticed a black bear
  2389 | D:4      | Killed a black bear
  2390 | D:4      | Reached skill level 6 in Ranged Weapons
  2390 | D:4      | Reached XP level 6. HP: 31/51 MP: 6/6
  2711 | D:4      | Reached skill level 7 in Ranged Weapons
  2711 | D:4      | 2711 ||| FLEEEEING.
  2712 | D:4      | 2712 ||| FLEEEEING.
  2723 | D:4      | HP: 10/52 [gnoll/+0 whip[a gnoll bouda] (7)]
  2724 | D:4      | HP: 4/52 [gnoll/+0 whip[a gnoll bouda] (4)]
  2726 | D:4      | Slain by a gnoll

Levels and vault maps discovered:
D:1:      psy_arrival_whirlpool, layout_loops_ring, minivault_23, eino_curves_04
D:2:      layout_loops_cross, shapermc_ecumenical_altar_hornbeckon,
          minmay_misc_feat_roman
D:3:      layout_loops_cross, mainiacjoe_overflow_boulevard, serial_rivers,
          chequers_serial_rivers_micro_c, chequers_serial_rivers_micro_b,
          chequers_serial_rivers_marsh, chequers_serial_rivers_micro_d,
          chequers_serial_rivers_micro_b
D:4:      minmay_evil_eye, layout_loops_ring

Skill      XL: |  1  2  3  4  5  6 |
---------------+-------------------+-----
Ranged Weapons | 3 4 5 6 7 |  7.2
Fighting       | 2 3 4 |  4.2
Armour         | 1 |  1.0
Dodging        | |  2.1
Spellcasting   | |  1.0
Hexes          | |  2.0

Action                     |  1- 3 |  4- 6 || total
---------------------------+-------+-------++-------
   Fire: Sling             |   136 |   164 ||   300
    Use: Scroll            |     4 |     2 ||     6
         Potion            |     2 |       ||     2
 Armour: Ring mail         |    19 |    56 ||    75
         Robe              |     4 |       ||     4
  Dodge: Dodged            |    29 |    68 ||    97

Table legend:
 A = Non-vault XP
 B = Vault XP
 C = Vault XP percentage of total XP
 D = Non-vault monster count
 E = Vault monster count
 F = Vault count percentage of total count
                 A         B        C        D         E       F
            +---------+---------+-------+---------+---------+-------
      Total |     575 |     137 |  19.2 |      77 |       4 |   4.9
            +---------+---------+-------+---------+---------+-------
        D:1 |      20 |       0 |   0.0 |      12 |       0 |   0.0
        D:2 |      52 |       0 |   0.0 |      22 |       0 |   0.0
        D:3 |     222 |       0 |   0.0 |      34 |       0 |   0.0
        D:4 |     281 |     137 |  32.8 |       9 |       4 |  30.8
            +---------+---------+-------+---------+---------+-------
